 Dungeon Crawl Stone Soup version 0.31-a0-986-g5e6e4ef867 (webtiles) character file.

Game seed: 16246509086294907760

15568 IdlyInterested the Slicer (level 12, -2/91 HPs)
             Began as a Demonspawn Gladiator on Nov 7, 2023.
             Was a Follower of Ashenzari.
             Killed by an exploding gargoyle (9 damage)
             ... ignited by their inner flame
             ... on level 11 of the Dungeon.
             The game lasted 00:51:17 (10723 turns).

IdlyInterested the Slicer (Demonspawn Gladiator)   Turns: 10723, Time: 00:51:18

Health: -2/91      AC: 15    Str: 19    XL:     12   Next: 2%
Magic:  20/22      EV: 13    Int: 13    God:    Ashenzari [*.....]
Gold:   715        SH:  0    Dex: 20    Spells: 11/24 levels left

rFire   + . .        s - +7 dagger of the Lashed Blue Moon {elec, *Rage rF+ Str+3 Dex+5, Melee, Dev} (curse)
rCold   . . .        l - orb "Enlightened Seeker" {guile, Self, Bglg} (curse)
rNeg    . . .        B - +0 steam dragon scales
rPois   +            F - +2 helmet
rElec   .            q - +1 cloak
rCorr   .            (no gloves)
SInv    .            Q - +2 pair of boots
Will    .....        x - amulet of the acrobat
Stlth   ++++         N - +4 ring of slaying
HPRegen 0.35/turn    E - ring of poison resistance
MPRegen 0.18/turn

%: random rage (20%), acrobat
@: on berserk cooldown, slowed, very slow
A: thin metallic scales 1, ignite blood 1, demonic magic 2, weakness stinger 2
a: Renounce Religion, Curse Item, Shatter the Chains


You were on level 11 of the Dungeon.
You worshipped Ashenzari.
Ashenzari was aware of your devotion.
You visited 2 branches of the dungeon, and saw 12 of its levels.
You also visited: Bailey.

You collected 715 gold pieces.

Inventory:

Hand Weapons
 s - the cursed +7 dagger of the Lashed Blue Moon (weapon) {elec, *Rage rF+ Str+3 Dex+5, Melee, Dev}
   (You found it on level 2 of the Dungeon)

   Str+3:     It affects your strength (+3).
   Dex+5:     It affects your dexterity (+5).
   rF+:       It protects you from fire.
   *Rage:     It berserks you when you make melee attacks (+20% chance).
   It has a curse which improves the following skills: Melee Combat: Short
   Blades, Long Blades, Axes, Maces & Flails, Polearms, Staves and Unarmed
   Combat.
   Devices:   Evocations and Shapeshifting.
 W - a +1 vampiric rapier
Missiles
 b - 38 poisoned darts (quivered)
 d - a throwing net
 e - a javelin
 i - 112 stones
 n - 9 boomerangs
 w - 5 silver javelins
 C - 8 curare-tipped darts
Armour
 l - the cursed orb "Enlightened Seeker" (worn) {guile, Self, Bglg}
   (You found it on level 8 of the Dungeon)

   It has a curse which improves the following skills: Introspection: Fighting
   and Spellcasting.
   Beguiling: Conjurations, Hexes and Translocations.
 q - a +1 cloak (worn)
 z - a +1 robe of cold resistance
 B - +0 steam dragon scales (worn)
 F - a +2 helmet (worn)
 P - the +0 scale mail of Xiunuvez {Contam rPois rF+ Str+5}
   (You took it off an orc on level 5 of the Dungeon)

   Str+5:     It affects your strength (+5).
   rF+:       It protects you from fire.
   rPois:     It protects you from poison Contam: It causes magical
   contamination when unequipped.
 Q - a +2 pair of boots (worn)
Jewellery
 x - an amulet of the acrobat (around neck)
 y - a ring of ice
 E - a ring of poison resistance (right hand)
 N - a +4 ring of slaying (left hand)
Wands
 v - a wand of mindburst (10)
 X - a wand of flame (32)
 Z - a wand of quicksilver (10)
Scrolls
 a - 4 scrolls of teleportation
 c - a scroll of silence
 f - 3 scrolls of fear
 g - a scroll of amnesia
 m - 2 scrolls of butterflies
 o - a scroll of vulnerability
 r - 2 scrolls of immolation
 G - a scroll of poison
 J - a scroll of torment
 S - 2 scrolls of fog
 U - 4 scrolls of blinking
Potions
 h - a potion of haste
 j - 5 potions of brilliance
 k - a potion of mutation
 p - 7 potions of curing
 t - a potion of berserk rage
 u - a potion of attraction
 A - a potion of enlightenment
 D - a potion of heal wounds
 H - 2 potions of might
 I - a potion of resistance
 K - 2 potions of magic
 L - a potion of ambrosia
 M - a potion of lignification
 V - a potion of invisibility


   Skills:
 - Level 6.7(7.5) Fighting
 - Level 10.0(10.7) Short Blades
 - Level 2.6(3.3) Maces & Flails
 - Level 2.0 Throwing
 - Level 1.0 Armour
 - Level 3.0 Dodging
 - Level 7.0 Stealth
 - Level 3.0 Shields
 - Level 6.0(6.7) Spellcasting
 + Level 4.0(4.8) Conjurations
 - Level 5.9(6.7) Hexes
 - Level 6.0 Fire Magic
 + Level 4.3(5.1) Evocations


You had 11 spell levels left.
You knew the following spells:

 Your Spells              Type           Power      Damage    Failure   Level
a - Inner Flame           Hex/Fire       20%        N/A       3%          3
b - Jinxbite              Hex            42%        N/A       1%          2
c - Summon Guardian Gole  Hex/Summ       13%        N/A       12%         3
d - Dazzling Flash        Conj/Hex       38%        N/A       4%          3
e - Passwall              Tmut/Erth      3%         N/A       24%         2

Your spell library contained the following spells:

 Spells                   Type           Power      Damage    Failure   Level
 Confusing Touch          Hex            21%        N/A       3%          3
 Sigil of Binding         Hex            21%        N/A       3%          3
 Kiss of Death            Conj/Necr      40%        2d8       6%          1
 Ensorcelled Hibernation  Hex/Ice        26%        N/A       6%          2
 Volatile Blastmotes      Fire/Tloc      24%        2d12      14%         3
 Apportation              Tloc           8%         N/A       16%         1
 Freeze                   Ice            16%        1d4       16%         1
 Summon Small Mammal      Summ           16%        N/A       16%         1
 Hailstorm                Conj/Ice       10%        3d5       17%         3
 Flame Wave               Conj/Fire      18%        2d7       17%         4
 Sticky Flame             Conj/Fire      18%        2d4       17%         4
 Dimensional Bullseye     Hex/Tloc       6%         N/A       36%         4
 Leda's Liquefaction      Hex/Erth       6%         N/A       36%         4
 Gell's Gravitas          Tloc           4%         N/A       41%         3
 Teleport Other           Tloc           4%         N/A       41%         3
 Call Canine Familiar     Summ           4%         N/A       43%         3
 Frozen Ramparts          Ice            8%         1d2       43%         3
 Swiftness                Air            4%         N/A       43%         3
 Yara's Violent Unravell  Hex/Tmut       6%         3d5       73%         5
 Dispel Undead            Necr           4%         3d7       83%         4
 Starburst                Conj/Fire      9%         6d5       95%         6
 Alistair's Intoxication  Tmut/Pois      2%         N/A       99%         5
 Borgnjor's Vile Clutch   Necr/Erth      2%         N/A       99%         5
 Lee's Rapid Deconstruct  Erth           2%         3d4*      99%         5
 Dispersal                Tloc           2%         N/A       100%        6
 Enfeeble                 Hex            10%        N/A       100%        7
 Maxwell's Capacitive Co  Air            2%         ∞         100%        8
 Polar Vortex             Ice            2%         N/A       100%        9


Dungeon Overview and Level Annotations

Branches:
Dungeon (11/15)            Temple (1/1) D:7            Lair (0/5) D:9
 Bailey (visited)
    Orc: D:9-12

Altars:
Ashenzari
Cheibriados
Dithmenos
Fedhas
Gozag
Hepliaklqana
Kikubaaqudgha
Makhleb
Nemelex Xobeh
Okawaru
Qazlal
Ru
Sif Muna
Trog
Uskayaw
Vehumet
Wu Jian
Xom
Yredelemnul

Shops:
D:4 (   D:5 [*

Portals:
Trove: D:10 (show slimy rune of Zot)

Annotations:
D:11 jlumianski's ghost, journeyman GnSh


Innate Abilities, Weirdness & Mutations

You are partially covered in thin metallic scales. (AC +2)
Your demonic aura sometimes causes spilled blood to erupt in flames.
Spells you cast may paralyse nearby enemies.
You have a tail ending in a sharp stinger.


Message History

The gargoyle hits you but does no damage.
You hit the gargoyle but do no damage.
The gargoyle is severely damaged.
The gargoyle hits you but does no damage.
Casting: Summon Guardian Golem (dangerous; 12% risk of failure)
Confirm with . or Enter, or press ? or * to list all spells.
Aiming: Inner Flame (mildly dangerous; 3% risk of failure)
Press: ? - help, Dir - move target, f - gargoyle
Aim: a gargoyle, wielding a +0 mace (severely damaged, chance to affect: 87%)
The gargoyle is filled with an inner flame.
Malevolent energies surge around you.
The cyclops suddenly stops moving!
The gargoyle hits you but does no damage.
The gargoyle hits you with a +0 mace!
* * * LOW HITPOINT WARNING * * *
You hit the gargoyle but do no damage.
The gargoyle is severely damaged.
You feel much better. The gargoyle hits you with a +0 mace!
* * * LOW HITPOINT WARNING * * *
The gargoyle hurls a stone arrow at you.
The stone arrow hits you.
* * * LOW HITPOINT WARNING * * *
You barely miss the gargoyle.
The gargoyle is severely damaged.
The cyclops is no longer paralysed.
The gargoyle misses you.
You hit the gargoyle but do no damage.
Flame seeps out of the gargoyle.
You tail-slap the gargoyle.
The gargoyle is severely damaged.
You hit the gargoyle.
Flame seeps out of the gargoyle.
The gargoyle is almost destroyed.
The gargoyle hits you with a +0 mace!
* * * LOW HITPOINT WARNING * * *
You hit the gargoyle but do no damage.
You tail-slap the gargoyle, but do no damage.
The gargoyle is almost destroyed.
The gargoyle is engulfed in blazing flames.
The gargoyle explodes!
The fiery explosion engulfs the cyclops!!!
The cyclops is almost dead.
The fiery explosion engulfs you! You resist.
You die...

.. #..# #.##.#
..###.##########.##.##
..# #..........).....#
..# #....)..........#
#...............########
#######..##............#
##'#####.#######.#
####)8####[.# #...#
#..'.C°@.##.# #.###
..8#.§#8).#.# #.# ###
#######.#.# #.# ..# #(/
(((#+#.# #.# ..#
.####+###.#.# #.# ..#
#.. Y.#.# #.# ..# ##
##.# #.# ..###########
####..# #.#
............# #....##
#.#


You could see a cyclops.

Vanquished Creatures
  An orc warlord (Bailey)
  Fannar (D:10)
  5 two-headed ogres
  Nergalle (D:10)
  An orc knight (Bailey)
  Maurice (D:10)
  The ghost of kaesle the Trooper, a novice HOFi (D:5)
  2 gargoyles
  Maggie (D:6)
  A troll (D:11)
  Prince Ribbit (D:7)
  Grinder (D:3)
  Sigmund (D:2)
  11 yaks
  Grum (D:10)
  2 wraiths
  A steam dragon (D:7)
  2 acid dragons (D:10)
  A water moccasin (D:9)
  18 orc warriors
  An ice beast (D:5)
  A sky beast (D:7)
  3 black bears
  4 ogres
  6 centaurs
  4 wolves (D:10)
  A phantom (D:6)
  4 kobold brigands
  3 bullfrogs
  A gnoll sergeant (D:5)
  A scorpion (D:5)
  7 wights
  6 killer bees (D:10)
  2 howler monkeys
  3 crimson imps (D:9)
  3 hounds
  3 jellies
  Crazy Yiuf (D:3)
  6 orc priests
  A sleepcap (D:7)
  3 orc wizards (D:7)
  Natasha (thrice) (D:3)
  6 iguanas
  20 gnolls
  7 adders
  4 white imps
  6 ufetubi
  A worm (D:2)
  7 dart slugs
  30 orcs
  4 endoplasms
  4 giant cockroaches
  21 goblins
  9 hobgoblins
  4 jackals (D:1)
  25 kobolds
  4 quokkas
  6 ball pythons
  7 bats
  2 frilled lizards (D:1)
  7 rats
295 creatures vanquished.

Notes
Turn   | Place    | Note
-------+----------+-------------------------------------------
     0 | D:1      | IdlyInterested the Demonspawn Gladiator began the quest for
                  | the Orb.
     0 | D:1      | Reached XP level 1. HP: 16/16 MP: 1/1
    95 | D:1      | Reached skill level 1 in Armour
    95 | D:1      | Gained mutation: You are partially covered in thin metallic
                  | scales. (AC +2) [demonic ancestry]
    95 | D:1      | Reached XP level 2. HP: 23/23 MP: 2/2
   198 | D:1      | Reached skill level 1 in Evocations
   202 | D:1      | Gained mutation: Spells you cast may paralyse adjacent
                  | enemies. [demonic ancestry]
   202 | D:1      | Reached XP level 3. HP: 21/28 MP: 3/3
   717 | D:2      | Noticed Sigmund
   730 | D:2      | HP: 1/29 [something (6)]
   732 | D:2      | Killed Sigmund
   733 | D:2      | Reached skill level 3 in Short Blades
   733 | D:2      | Reached skill level 1 in Stealth
   733 | D:2      | Reached XP level 4. HP: 2/35 MP: 4/4
   733 | D:2      | Reached XP level 5. HP: 2/41 MP: 5/5
  1017 | D:2      | Found a bloodstained altar of Trog.
  1649 | D:2      | Identified the +7 dagger of Gusirero {elec, *Rage rF+ Str+3
                  | Dex+5}
  1773 | D:3      | Noticed Natasha
  1773 | D:3      | Noticed Grinder
  1782 | D:3      | Killed Natasha
  1802 | D:3      | Killed Grinder
  1803 | D:3      | Reached skill level 5 in Short Blades
  1803 | D:3      | Reached skill level 1 in Spellcasting
  1803 | D:3      | Gained mutation: Your demonic aura sometimes causes spilled
                  | blood to erupt in flames. [demonic ancestry]
  1803 | D:3      | Reached XP level 6. HP: 38/47 MP: 5/7
  1807 | D:3      | Learned a level 3 spell: Inner Flame
  1942 | D:3      | Found a faded altar of an unknown god.
  1956 | D:3      | Found a basalt altar of Yredelemnul.
  2023 | D:3      | Noticed Natasha
  2030 | D:3      | Killed Natasha
  2171 | D:3      | Found a runed translucent door.
  2172 | D:3      | Noticed Crazy Yiuf
  2177 | D:3      | Killed Crazy Yiuf
  2405 | D:3      | Noticed Natasha
  2408 | D:3      | Killed Natasha
  2409 | D:3      | Reached skill level 1 in Hexes
  2409 | D:3      | Reached XP level 7. HP: 52/52 MP: 8/8
  2503 | D:4      | Found Katony's Antique Weapon Emporium.
  2530 | D:4      | You fall into a shaft and drop 2 floors!
  2530 | D:5      | Identified the "Jealexur"
  2560 | D:6      | Reached skill level 1 in Fire Magic
  2594 | D:6      | Found an opulent altar of Gozag.
  2657 | D:6      | Reached skill level 6 in Short Blades
  2682 | D:6      | Noticed Maggie
  2691 | D:6      | Killed Maggie
  2692 | D:6      | Reached skill level 7 in Short Blades
  2692 | D:6      | Gained mutation: Spells you cast may paralyse nearby
                  | enemies. [demonic ancestry]
  2692 | D:6      | Reached XP level 8. HP: 20/58 MP: 9/11
  2892 | D:5      | Entered Level 5 of the Dungeon
  3422 | D:4      | Reached skill level 8 in Short Blades
  3594 | D:5      | Found Nogefusa's Antique Armour Emporium.
  3960 | D:5      | Found Qenoi's Elemental Accessories.
  4280 | D:5      | Found a burning altar of Makhleb.
  4381 | D:5      | Found a runed translucent gate.
  4381 | D:5      | Found a runed translucent gate.
  4382 | D:5      | Found a runed translucent gate.
  4384 | D:5      | Noticed kaesle's ghost (novice HOFi)
  4386 | D:5      | Identified the +0 scale mail of Xiunuvez {Contam rPois rF+
                  | Str+5}
  4527 | D:5      | Reached skill level 9 in Short Blades
  4527 | D:5      | Reached XP level 9. HP: 63/63 MP: 12/12
  4720 | D:5      | Killed kaesle's ghost
  4938 | D:6      | Found a blossoming altar of Fedhas.
  5511 | D:7      | Reached skill level 10 in Short Blades
  5511 | D:7      | Noticed Prince Ribbit
  5514 | D:7      | Learned a level 2 spell: Jinxbite
  5525 | D:7      | Killed Prince Ribbit
  5539 | D:7      | Found a hazy altar of Hepliaklqana.
  5696 | D:7      | Found a flagged portal.
  5701 | Bailey   | Entered a bailey
  5808 | Bailey   | Gained mutation: You have a small tail. [demonic ancestry]
  5808 | Bailey   | Reached XP level 10. HP: 62/70 MP: 16/16
  5841 | Bailey   | Noticed an orc knight
  5861 | Bailey   | Killed an orc knight
  6133 | Bailey   | Noticed an orc warlord
  6154 | Bailey   | Killed an orc warlord
  6155 | Bailey   | Reached skill level 5 in Spellcasting
  6198 | Bailey   | Reached skill level 5 in Stealth
  6198 | Bailey   | Reached skill level 5 in Hexes
  6458 | Bailey   | Acquired a +0 vampiric rapier
  6723 | D:7      | Found a shadowy altar of Dithmenos.
  6954 | D:7      | Found a staircase to the Ecumenical Temple.
  6975 | Temple   | Entered the Ecumenical Temple
  7014 | Temple   | Became a worshipper of Ashenzari the Shackled
  7252 | D:8      | Noticed a two-headed ogre
  7258 | D:8      | Killed a two-headed ogre
  7259 | D:8      | Reached skill level 5 in Fighting
  7259 | D:8      | Reached skill level 5 in Fire Magic
  7471 | D:8      | Found an iron altar of Okawaru.
  7589 | D:8      | Reached XP level 11. HP: 81/81 MP: 14/18
  7625 | D:8      | Learned a level 3 spell: Summon Guardian Golem
  7629 | D:8      | Learned a level 3 spell: Dazzling Flash
  7654 | D:8      | Found a transporter.
  7655 | D:8      | Found a transporter.
  7659 | D:8      | Found a transporter.
  7659 | D:8      | Found a transporter.
  7731 | D:8      | Noticed a two-headed ogre
  7741 | D:8      | Killed a two-headed ogre
  8459 | D:9      | Noticed a two-headed ogre
  8467 | D:9      | Killed a two-headed ogre
  8536 | D:9      | Found a sacrificial altar of Ru.
  8587 | D:9      | Found a staircase to the Lair.
  8733 | D:9      | Found a shimmering altar of Xom.
  8737 | D:9      | Found an ancient bone altar of Kikubaaqudgha.
  8738 | D:9      | Found a hide-covered altar of Uskayaw.
  9206 | D:9      | Reached * piety under Ashenzari
  9478 | D:10     | Entered Level 10 of the Dungeon
  9794 | D:10     | Noticed Nergalle
  9801 | D:10     | Killed Nergalle
  9811 | D:10     | Noticed Maurice
  9815 | D:10     | Killed Maurice
  9847 | D:10     | Found a portal to a secret trove of treasure.
  9901 | D:10     | Noticed Grum
  9906 | D:10     | Killed Grum
  9907 | D:10     | Reached skill level 1 in Conjurations
 10191 | D:10     | Noticed Fannar
 10196 | D:10     | Killed Fannar
 10304 | D:11     | Noticed a two-headed ogre
 10308 | D:11     | Killed a two-headed ogre
 10333 | D:11     | Noticed jlumianski's ghost (journeyman GnSh)
 10341 | D:11     | Found a stormy altar of Qazlal.
 10369 | D:11     | Learned a level 2 spell: Passwall
 10405 | D:11     | Noticed a two-headed ogre
 10413 | D:11     | Killed a two-headed ogre
 10517 | D:11     | Gained mutation: You have a tail ending in a sharp stinger.
                  | [demonic ancestry]
 10517 | D:11     | Reached XP level 12. HP: 77/91 MP: 22/22
 10690 | D:11     | Noticed a catoblepas
 10723 | D:11     | Killed by an exploding gargoyle... ignited by their inner
                  | flame

Illustrated notes

Levels and vault maps discovered:
D:1:      amcnicky_arrival_single_pillar, layout_rooms, minivault_23,
          chequers_serial_rivers_small_b
D:2:      layout_basic, basic_altar, chequers_garden, uniq_sigmund
D:3:      layout_rooms, zin_treasury, mainiacjoe_overflow_boulevard,
          hellmonk_ecumenical_altar_heavens_door, uniq_grinder,
          uniq_crazy_yiuf_cottage, uniq_natasha
D:4:      layout_gridville, serial_shops, shop, minmay_misc_feat_roman
D:5:      layout_loops_corners, mainiacjoe_overflow_concentric_impassable,
          serial_shops, nicolae_shop_peninsula, biasface_ghost_orc_armoury,
          nicolae_elemental_shop
D:6:      layout_basic, fedhas_ov_isle_minmay, lemuel_tele_altar, uniq_maggie
D:7:      layout_rooms, mainiacjoe_overflow_alcove_4,
          nicolae_hepliaklqana_hazy_memory, minmay_temple_entry_nine_rooms,
          enter_bailey_3, uniq_prince_ribbit1
D:8:      layout_cave_pods, hellmonk_okawaru_the_only_friend_you_need,
          nicolae_diode_quadrants
D:9:      layout_gridville, lemuel_doored_altar,
          gammafunk_temple_overflow_forgotten, lair_entry_dummy,
          corexii_checkpoint, minmay_fire_ice_demons
D:10:     layout_roguey, enter_trove_1, uniq_fannar, uniq_nergalle,
          uniq_maurice, uniq_grum
D:11:     minmay_chambers_of_sixes, layout_basic, gammafunk_ghost_hive,
          grunt_qazlal_clouds
Temple:   hellmonk_temple_beads

Skill      XL: |  1  2  3  4  5  6  7  8  9 10 11 12 |
---------------+-------------------------------------+-----
Armour         | 1 |  1.0
Evocations     | 1 4 |  4.3
Throwing       | 2 |  2.0
Fighting       | 3 6 |  6.7
Dodging        | 3 |  3.0
Short Blades   | 3 5 7 9 10 | 10.0
Stealth        | 1 2 4 5 7 |  7.0
Spellcasting   | 1 2 4 5 6 |  6.0
Hexes          | 1 2 4 5 |  5.9
Fire Magic     | 1 2 3 5 6 |  6.0
Shields        | 3 |  3.0
Conjurations   | 3 4 |  4.0
Maces & Flails | |  2.6

Action                     |  1- 3 |  4- 6 |  7- 9 | 10-12 || total
---------------------------+-------+-------+-------+-------++-------
  Melee: Flail             |    76 |       |       |       ||    76
         Dagger            |    12 |    76 |   251 |   257 ||   596
         Punch             |       |     2 |       |       ||     2
         Tailslap          |       |       |       |    39 ||    39
  Throw: Throwing net      |     2 |     1 |     2 |       ||     5
         Stone             |       |     4 |     2 |     5 ||    11
         Dart              |       |       |    16 |    49 ||    65
         Javelin           |       |       |     1 |       ||     1
   Cast: Jinxbite          |       |       |     1 |     4 ||     5
         Inner Flame       |       |       |       |    14 ||    14
         Summon Guardian G |       |       |       |     4 ||     4
 Invoke: Curse Item        |       |       |       |     2 ||     2
  Evoke: Wand              |       |       |     1 |       ||     1
    Use: Scroll            |     2 |     2 |     5 |     5 ||    14
         Potion            |     1 |     1 |     1 |     1 ||     4
   Stab: Sleeping          |       |     1 |     3 |     7 ||    11
         Held in net/web   |       |     1 |     1 |       ||     2
         Distracted        |       |       |     2 |       ||     2
         Paralysed         |       |       |       |    17 ||    17
 Armour: Leather armour    |    68 |     5 |       |       ||    73
         Ring mail         |       |    25 |    74 |       ||    99
         Steam dragon scal |       |       |    36 |   103 ||   139
  Dodge: Dodged            |    62 |    15 |   135 |   104 ||   316
  Block: Buckler           |       |     5 |    56 |    20 ||    81

Table legend: (Time is in decaauts)
 A = Elapsed time spent in this place.
 B = Non-inter-level travel time spent in this place.
 C = Inter-level travel time spent in this place.
 D = Time resting spent in this place.
 E = Time spent auto-exploring this place.
 F = Levels seen in this place.
 G = Mean time per level.
                   A        B        C        D        E       F      G
               +--------+--------+--------+--------+--------+-----+--------+
         Total |  10970 |   9836 |   1134 |   1384 |   5406 |  13 |  843.8 |
       Dungeon |  10061 |   9011 |   1050 |   1049 |   5391 |  11 |  914.6 |
        Temple |    106 |     22 |     84 |      0 |      0 |   1 |  106.0 |
        Bailey |    802 |    802 |      0 |    335 |     15 |   1 |  802.0 |
               +--------+--------+--------+--------+--------+-----+--------+

Top non-repeatable levels by time:
     D:5: 1489 daAuts
     D:8: 1232 daAuts
     D:9: 1191 daAuts
     D:2: 1015 daAuts
     D:6: 912 daAuts
     D:7: 840 daAuts
  Bailey: 802 daAuts
     D:4: 771 daAuts
     D:3: 759 daAuts
    D:10: 715 daAuts
     D:1: 692 daAuts
    D:11: 441 daAuts
  Temple: 106 daAuts
